Map: [ESL] Cosmic Sapphire

Players

Elazer - Winner!

  • Race: Zerg Zerg
  • Spawn Location: 11:00

NightPhoenix

  • Race: Protoss Protoss
  • Spawn Location: 5:00

Event: DreamHack SC2 Masters 2022 Valencia

VOD

Have the link to the VOD?

Description

Time

  • Played on: July 1, 2022, 8:56 a.m.
  • Length: 7:53

All games in this series

Show
View Real Time Build Order
Export as new Build Order

Elazer Zerg - Winner!

Build Orders: Hatch First 

Get SALT Encoding   

  12  0:00  Drone  
  13  0:12  Overlord  
  13  0:16  Drone  
  14  0:30  Drone x2  
  16  0:48  Hatchery  
  15  0:51  Drone  
  15  0:55  Drone  
  17  0:58  Drone  
  18  1:09  Extractor  
  17  1:13  Spawning Pool  
  17  1:16  Drone  
  17  1:19  Drone  
  18  1:28  Drone  
  19  1:39  Drone  
  20  1:49  Drone  
  21  2:00  Queen x2  
  26  2:01  Overlord, Zergling x2  
  26  2:10  Drone x2  
  26  2:11  Metabolic Boost  
  28  2:24  Drone x2  
  30  2:39  Hatchery  
  30  2:40  Queen  
  30  2:43  Drone x2  
  33  2:47  Overlord  
  33  2:56  Drone x3  
  36  3:05  Queen  
  36  3:07  Zergling x4  
  36  3:11  Overlord  
  36  3:12  Drone x2  
  42  3:17  Queen  
  44  3:31  Spore Crawler, Drone x4  
  47  3:36  Drone  
  47  3:39  Drone  
  47  3:41  Drone x3  
  51  3:51  Overlord  
  51  3:53  Drone x5  
  56  4:01  Queen  
  58  4:04  Overlord  
  58  4:09  Queen  
  60  4:11  Drone x2  
  60  4:13  Drone x2  
  64  4:18  Drone  
  64  4:21  Zergling x2  
  64  4:23  Zergling x4  
  68  4:24  Zergling x6  
  68  4:27  Zergling x4  
  73  4:31  Overlord  
  73  4:34  Overlord  
  73  4:37  Drone  
  74  4:41  Extractor  
  74  4:42  Roach Warren, Queen  
  74  4:46  Overlord x2  
  74  4:49  Lair  
  74  4:52  Queen  
  75  4:54  Drone x6  
  75  4:55  Extractor  
  75  4:59  Drone  
  81  5:05  Drone x8  
  88  5:08  Overlord  
  88  5:13  Drone  
  87  5:14  Drone  
  87  5:16  Drone  
  89  5:26  Overlord, Evolution Chamber, Extractor x2  
  89  5:28  Zergling x8  
  90  5:32  Zergling x8  
  90  5:34  Overlord, Hatchery  
  93  5:37  Extractor, Drone  
  93  5:38  Drone  
  94  5:44  Overlord  
  94  5:45  Overlord  
  94  5:49  Glial Reconstitution, Drone x3  
  97  5:50  Roach x2  
  97  5:53  Zerg Missile Weapons Level 1  
  101  5:59  Roach x4  
  115  6:04  Roach x3  
  115  6:08  Overlord  
  115  6:14  Drone  
  116  6:19  Roach x6  
  116  6:23  Overlord  
  127  6:27  Roach x3  
  127  6:29  Roach x3  
  139  6:35  Roach  
  139  6:36  Roach x2  
  145  6:40  Overlord x2  
  145  6:42  Overseer  
  145  6:47  Overseer  
  145  6:49  Roach x5  
  145  6:51  Roach  
  145  6:54  Roach x2  
  158  7:02  Spore Crawler  
  158  7:03  Spore Crawler  
  158  7:08  Roach x7, Ravager  
  169  7:18  Overlord x4  
  168  7:27  Spore Crawler  
  189  7:45  Ravager  
  189  7:46  Ravager  
Show
View Real Time Build Order
Export as new Build Order

NightPhoenix Protoss 

Build Orders: 1 Gate Expand, Oracle Opening 

Get SALT Encoding   

  12  0:00  Probe  
  13  0:12  Probe  
  14  0:20  Pylon  
  14  0:24  Probe  
  15  0:38  Probe (Chrono Boost)  
  15  0:39  Gateway  
  16  0:47  Assimilator  
  16  0:49  Probe (Chrono Boost)  
  17  0:54  Probe (Chrono Boost)  
  18  1:04  Probe  
  19  1:16  Probe  
  20  1:23  Nexus  
  20  1:35  Cybernetics Core  
  20  1:38  Probe  
  21  1:44  Assimilator  
  21  1:50  Probe  
  22  1:54  Pylon  
  22  2:02  Probe  
  23  2:10  Adept (Chrono Boost)  
  23  2:14  Probe  
  26  2:20  Stargate  
  26  2:26  Adept (Chrono Boost), Probe  
  26  2:29  Warp Gate  
  29  2:39  Probe (Chrono Boost)  
  29  2:43  Probe (Chrono Boost)  
  30  2:48  Probe (Chrono Boost)  
  32  2:52  Probe (Chrono Boost)  
  32  2:54  Adept, Probe (Chrono Boost)  
  35  3:02  Probe  
  36  3:05  Probe  
  36  3:08  Oracle  
  36  3:12  Pylon  
  40  3:14  Probe  
  40  3:18  Probe  
  42  3:27  Probe  
  43  3:30  Probe  
  43  3:32  Gateway  
  43  3:33  Assimilator  
  44  3:35  Assimilator  
  44  3:39  Probe  
  45  3:42  Probe  
  45  3:45  Oracle  
  49  3:51  Probe  
  49  3:54  Probe  
  49  3:59  Nexus  
  49  4:03  Pylon  
  49  4:04  Probe (Chrono Boost)  
  49  4:08  Probe (Chrono Boost)  
  51  4:16  Probe (Chrono Boost)  
  53  4:17  Probe (Chrono Boost)  
  53  4:20  Probe (Chrono Boost)  
  53  4:23  Probe (Chrono Boost)  
  54  4:24  Pylon  
  54  4:26  Stalker  
  54  4:30  Probe  
  58  4:35  Probe  
  58  4:36  Twilight Council  
  59  4:43  Adept, Probe  
  62  4:47  Probe  
  62  4:49  Phoenix  
  62  4:50  Stargate  
  65  4:53  Gateway  
  65  4:57  Gateway  
  65  4:59  Probe  
  66  5:03  Adept  
  67  5:07  Adept  
  67  5:09  Probe  
  67  5:11  Probe  
  67  5:12  Probe  
  66  5:14  Phoenix  
  66  5:15  Charge (Chrono Boost)  
  66  5:22  Pylon  
  66  5:26  Probe x2  
  68  5:31  Adept  
  68  5:32  Adept  
  72  5:35  Probe  
  72  5:37  Shield Battery  
  72  5:38  Probe  
  72  5:40  Phoenix  
  76  5:45  Phoenix  
  76  5:47  Probe  
  76  5:48  Probe  
  76  5:49  Shield Battery  
  80  5:53  Pylon  
  80  5:55  Pylon  
  80  5:57  Probe  
  80  5:59  Probe  
  80  6:00  Probe  
  80  6:02  Adept  
  84  6:10  Phoenix (Chrono Boost)  
  85  6:11  Phoenix (Chrono Boost)  
  85  6:13  Probe x2  
  85  6:14  Probe  
  85  6:15  Pylon  
  87  6:27  Probe x2  
  87  6:30  Zealot x3  
  99  6:32  Phoenix (Chrono Boost)  
  99  6:35  Phoenix (Chrono Boost), Zealot  
  99  6:36  Probe  
  99  6:39  Pylon, Probe  
  103  6:42  Fleet Beacon  
  103  6:50  Zealot x3  
  108  6:59  Probe x2  
  108  7:00  Probe  
  111  7:02  Pylon  
  111  7:03  Pylon  
  109  7:12  Zealot x2  
  109  7:13  Zealot x2  
  116  7:22  Probe  
  116  7:23  Probe  
  118  7:37  Zealot x3  

Tags
 
Add a new tag
Caveats
  • Supply blocks, unpowered buildings, or Contaminate may cause inaccurate times.
  • Supply counts are checked every 10 seconds.